 Dungeon Crawl Stone Soup version 0.16-b1 (webtiles) character file.

860 McCoppin the Covert (level 8, 0/56 HPs)
             Began as a Formicid Assassin on Mar 11, 2015.
             Succumbed to a killer bee's poison
             ... on level 6 of the Dungeon.
             The game lasted 00:24:31 (2672 turns).

McCoppin the Covert (Formicid Assassin)             Turns: 2672, Time: 00:24:31

Health: 0/56       AC:  4    Str: 19    XL:     8   Next: 22%
Magic:  12/12      EV: 11    Int: 10    God:
Gold:   78         SH:  0    Dex: 14    Spells: 0 memorised, 7 levels left

rFire  . . .     SeeInvis +     b - +1 blowgun
rCold  . . .     Clarity  .     c - +0 robe
rNeg   . . .     SustAb   .     (no shield)
rPois  .         Gourm    .     (helmet unavailable)
rElec  .         Spirit   .     d - +1 cloak
rCorr  .         Warding  .     (no gloves)
rMut   .         Stasis   +     (no boots)
MR     .....                    (no amulet)
Stlth  ++++......               (no ring)
                                y - +2 ring of dexterity

@: lethally poisoned (0 -> -3), not resistant to hostile enchantments, stealthy
A: permanent stasis, dig shafts and tunnels, four strong arms, antennae 3, high
mp 1
a: Dig, Shaft Self


You were on level 6 of the Dungeon.
You were hungry.

You visited 1 branch of the dungeon, and saw 6 of its levels.

You collected 179 gold pieces.
You spent 101 gold pieces at shops.

Inventory:

Hand weapons
 a - a +2 dagger
 b - a +1 blowgun (weapon)
 v - a +0 hand crossbow
Missiles
 e - 17 poisoned needles (quivered)
 f - 2 curare-tipped needles
 p - 4 bolts
Armour
 c - a +0 robe (worn)
 d - a +1 cloak (worn)
 k - a +0 chain mail
 l - a +0 buckler
 q - a +0 buckler
 x - a +0 plate armour
Magical staves
 w - an uncursed staff of death
Jewellery
 y - a +2 ring of dexterity (left hand)
Magical devices
 n - a wand of polymorph (19)
Scrolls
 j - a scroll of enchant weapon
 r - a scroll of remove curse
Comestibles
 g - 4 bread rations
 t - 2 fruits
 z - 9 chunks of flesh


   Skills:
 - Level 2.1 Fighting
 - Level 2.0 Short Blades
 + Level 4.7 Crossbows
 - Level 1.6 Throwing
 - Level 0.8 Dodging
 - Level 10.4 Stealth
 - Level 1.2 Shields


You had 7 spell levels left.
You didn't know any spells.

Dungeon Overview and Level Annotations

Branches:
Dungeon (6/15)
 Temple: D:4-7

Altars:
Ashenzari
Dithmenos

Shops:
D:5 (


Innate Abilities, Weirdness & Mutations

You are under a permanent stasis effect.
You can dig through walls and to a lower floor.
Your four strong arms can wield two-handed weapons with a shield.
You have a pair of large antennae on your head (SInv).
You have an increased reservoir of magic (+10% MP).


Message History

Your +0 cloak glows green for a moment.
* * * LOW HITPOINT WARNING * * *
You feel sick.
Read which item? (? for menu, Esc to quit)
As you read the scroll labeled HAN NYUPSUTS, it crumbles to dust.
You feel blessed for a moment.
It was a scroll of remove curse.
* * * LOW HITPOINT WARNING * * *
You feel sick.
You aren't carrying any potions.
* * * LOW HITPOINT WARNING * * *
You feel sick.
* * * LOW HITPOINT WARNING * * *
You feel sick.
* * * LOW HITPOINT WARNING * * *
You feel sick.
* * * LOW HITPOINT WARNING * * *
You feel sick.
* * * LOW HITPOINT WARNING * * *
You feel sick.
You die...

#....###...#
##.....### #..###
###########).....#
...#
#............#
##### ...##
#........#...#
#...## ....#
#.......##...#
##.##.# ##..#
##.....####..#
#.####. ##.##
##...## #..###.#
##
#..##########..#
##..#..#
#(...(.(...###@#
#.....#
##...#####..# #.#
##...## ##...##
#..###.# #####
.....#* ##.[##.#
......#** #(..(.#
.####...# ##..).#
.* *#..#* ######
** *$..# * **...#


There were no monsters in sight!

Vanquished Creatures
  A sky beast (D:5)
  4 ogres
  An orc warrior (D:5)
  A killer bee (D:6)
  A goliath beetle (D:6)
  A hound (D:5)
  An orc priest (D:6)
  5 worker ants
  3 gnolls (D:4)
  3 adders
  An adder skeleton (D:5)
  A giant gecko (D:5)
  5 orcs
  A hobgoblin (D:4)
  4 bats
  3 goblins
  4 kobolds
  2 rats
42 creatures vanquished.

Notes
Turn   | Place    | Note
--------------------------------------------------------------
     0 | D:1      | McCoppin, the Formicid Assassin, began the quest for the Orb.
     0 | D:1      | Reached XP level 1. HP: 16/16 MP: 1/1
    18 | D:1      | You fall through a shaft!
    18 | D:2      | Found a shattered altar of Ashenzari.
    21 | D:2      | You fall through a shaft!
    24 | D:3      | You fall through a shaft!
    55 | D:4      | Reached skill level 5 in Stealth
    68 | D:4      | Found a shadowy altar of Dithmenos.
    94 | D:4      | Noticed a worker ant
   101 | D:4      | Killed a worker ant
   101 | D:4      | Reached skill level 6 in Stealth
   101 | D:4      | Reached XP level 2. HP: 22/22 MP: 3/3
   101 | D:4      | Reached XP level 3. HP: 27/27 MP: 4/4
   169 | D:4      | Noticed a worker ant
   171 | D:4      | Noticed a worker ant
   177 | D:4      | Killed a worker ant
   177 | D:4      | Reached XP level 4. HP: 33/33 MP: 5/5
   188 | D:4      | Killed a worker ant
   188 | D:4      | Reached skill level 7 in Stealth
   641 | D:4      | Reached XP level 5. HP: 33/38 MP: 7/7
   708 | D:5      | Entered Level 5 of the Dungeon
   720 | D:5      | Reached skill level 8 in Stealth
   760 | D:5      | Noticed a sky beast
   790 | D:5      | Killed a sky beast
   790 | D:5      | Reached skill level 9 in Stealth
   790 | D:5      | Reached XP level 6. HP: 44/44 MP: 8/8
   795 | D:5      | Gained mutation: You have an increased reservoir of magic (+10% MP). [mutagenic meat]
   838 | D:5      | Noticed an ogre
   859 | D:5      | Killed an ogre
   916 | D:5      | Reached skill level 10 in Stealth
   916 | D:5      | Reached XP level 7. HP: 50/50 MP: 9/9
  1005 | D:5      | Reached skill level 1 in Shields
  1203 | D:5      | Found Ywniurghov's Antique Weapon Shoppe.
  1249 | D:5      | Bought a hand crossbow for 101 gold pieces
  2472 | D:6      | Reached XP level 8. HP: 56/56 MP: 12/12
  2667 | D:6      | HP: 2/56 [poisoned by a killer bee]
  2672 | D:6      | Succumbed to a killer bee's poison

Action                   |  1- 3 |  4- 6 |  7- 9 || total
-------------------------+-------+-------+-------++-------
Melee: Dagger            |     2 |     5 |    11 ||    18
 Fire: Blowgun           |     9 |    31 |    47 ||    87
 Abil: Shaft Self        |     3 |       |       ||     3
       Dig               |       |     3 |       ||     3
  Use: Scroll            |       |       |     4 ||     4
       Potion            |       |       |     4 ||     4
 Stab: Sleeping          |     6 |     5 |    12 ||    23
       Distracted        |       |       |     1 ||     1
  Eat: Chunk             |       |     1 |     5 ||     6
       Fruit             |       |       |     1 ||     1
